Map: Pillars of Gold LE

Players

BetaStar

  • Race: Protoss Protoss
  • League: Gold
  • Spawn Location: 1:00

Throwfordays - Winner!

  • Race: Zerg Zerg
  • League: Silver
  • Spawn Location: 7:00

VOD

Have the link to the VOD?

Description

Time

  • Played on: July 19, 2020, 10:05 p.m.
  • Length: 6:26
Show
View Real Time Build Order
Export as new Build Order

BetaStar Protoss 

Build Orders:  

Get SALT Encoding   

  12  0:01  Probe  
  13  0:10  Probe  
  13  0:18  Probe  
  14  0:25  Pylon  
  15  0:43  Probe  
  15  0:46  Forge  
  16  0:56  Probe  
  17  1:09  Pylon  
  17  1:11  Probe  
  17  1:21  Gateway  
  17  1:25  Probe  
  17  1:31  Assimilator  
  18  1:37  Probe  
  19  1:52  Nexus  
  19  1:59  Probe  
  20  2:08  Pylon  
  20  2:11  Probe  
  20  2:12  Zealot  
  23  2:26  Probe  
  23  2:29  Cybernetics Core  
  23  2:38  Probe  
  24  2:47  Pylon  
  24  2:51  Pylon  
  19  3:08  Probe  
  19  3:13  Stalker, Warp Gate  
  21  3:20  Probe  
  22  3:47  Photon Cannon  
  22  3:48  Photon Cannon  
  22  3:51  Probe  
  21  4:04  Probe  
  21  4:05  Probe  
  23  4:16  Probe  
  24  4:17  Probe  
  16  4:40  Stalker  
  16  4:43  Probe  
  17  4:55  Probe  
  17  4:56  Pylon  
  19  5:07  Probe  
  19  5:29  Photon Cannon  
  19  5:32  Photon Cannon x2  
  19  5:41  Probe  
  20  5:53  Pylon, Probe  
Show
View Real Time Build Order
Export as new Build Order

Throwfordays Zerg - Winner!

Build Orders: Pool First 

Get SALT Encoding   

  12  0:01  Drone  
  13  0:13  Overlord  
  13  0:18  Drone  
  14  0:32  Drone x2  
  16  0:49  Spawning Pool  
  15  1:35  Zergling x2  
  15  1:36  Zergling x4  
  15  1:38  Queen  
  20  1:51  Overlord  
  20  1:58  Extractor, Drone  
  20  2:17  Hatchery  
  19  2:23  Drone  
  19  2:24  Drone  
  20  3:01  Zergling x12  
  25  3:06  Metabolic Boost  
  24  3:13  Drone  
  25  3:23  Drone  
  26  3:35  Drone x2  
  26  3:39  Drone x2  
  30  3:43  Extractor, Queen  
  30  3:44  Drone x2  
  32  4:07  Zergling x4  
  34  4:12  Drone  
  34  4:24  Zergling x2  
  35  4:26  Overlord x2  
  35  4:40  Baneling Nest  
  35  4:42  Drone  
  35  4:45  Overlord  
  35  4:46  Overlord  
  35  4:47  Drone x2  
  37  4:53  Zergling x4  
  37  4:55  Zergling x4  
  36  5:20  Zergling x8  
  38  5:23  Zergling x8  
  42  5:29  Drone  
  43  5:36  Baneling x7  
  43  5:37  Baneling  
  43  5:40  Zergling x6  
  46  5:43  Zergling x2  
Tags
 
Matchup
PvZ
Opening
Pool First
Replay Pack
Multiplayer
Spawn Locations
Cross Positions
Add a new tag
Caveats
  • Supply blocks, unpowered buildings, or Contaminate may cause inaccurate times.
  • Supply counts are checked every 10 seconds.